 Dungeon Crawl Stone Soup version 0.19-a0-1626-g5215c36 (webtiles) character file.

16255 jacquesderrida the Carver (level 12, 0/67 HPs)
             Began as a Vine Stalker Skald on Sept 18, 2016.
             Was a Believer of Ashenzari.
             Slain by a centaur warrior (10 damage)
             ... on level 12 of the Dungeon.
             The game lasted 00:38:28 (4446 turns).

jacquesderrida the Carver (Vine Stalker Skald)      Turns: 4446, Time: 00:38:28

Health: 0/67       AC: 10    Str: 10    XL:     12   Next: 35%
Magic:  0/16       EV: 16    Int: 18    God:    Ashenzari [**....]
Gold:   477        SH:  0    Dex: 25    Spells: 3 memorised, 8 levels left

rFire  . . .     SeeInvis +     s - +10 falchion "Zuimuzaa" {vamp, +Rage rElec Str-4 Dex+4} (curse)
rCold  + . .     Gourm    .     k - +0 ring mail {rC+} (curse)
rNeg   + . .     Faith    .     (no shield)
rPois  .         Spirit   +     N - +0 helmet {Int+3} (curse)
rElec  +         Dismiss  .     B - +0 cloak
rCorr  .         Reflect  .     I - +0 pair of gloves
MR     ++...     Harm     .     (no boots)
Stlth  +.........               J - amulet of Voyjeutups {rC- MR+ Regen+ Dex+4 SInv} (curse)
                                G - ring of protection from cold
                                r - ring of positive energy (curse)

@: lethally poisoned (0 -> -2), very slightly contaminated, hasted, very quick
A: fangs 3, hooves 1, regeneration 2, magic shield, antimagic bite, no device
heal 3, rot immunity
a: Curse Item, Scrying, Renounce Religion, Evoke Berserk Rage


You were on level 12 of the Dungeon.
You worshipped Ashenzari.
Ashenzari was pleased with you.
You were not hungry.

You visited 2 branches of the dungeon, and saw 14 of its levels.
You also visited: Labyrinth and Sewer.

You collected 477 gold pieces.

Inventory:

Hand Weapons
 s - the cursed +10 falchion "Zuimuzaa" (weapon) {vamp, +Rage rElec Str-4 Dex+4}
   (You found it on level 6 of the Dungeon)

   It inflicts no extra harm, but heals its wielder somewhat when it strikes a
   living foe.
   It affects your strength (-4).
   It affects your dexterity (+4).
   It insulates you from electricity.
   It lets you go berserk.
   It has a curse placed upon it.
Missiles
 n - 4 poisoned tomahawks (quivered)
Armour
 b - a +0 chain mail of poison resistance
 k - a cursed +0 ring mail of cold resistance (worn)
 B - a +0 cloak (worn)
 D - a troll hide
 I - a +0 pair of gloves (worn)
 N - a cursed +0 helmet of intelligence (worn)
Jewellery
 r - a cursed ring of positive energy (left hand)
 G - a ring of protection from cold (right hand)
 J - the cursed amulet of Voyjeutups (around neck) {rC- MR+ Regen+ Dex+4 SInv}
   (You found it in a labyrinth)

   [amulet of regeneration]

   It affects your dexterity (+4).
   It makes you vulnerable to cold.
   It affects your resistance to hostile enchantments.
   It lets you see invisible.
   It increases your rate of regeneration.
   It has a curse placed upon it.
 K - an uncursed ring of fire
 L - a +4 ring of dexterity
Wands
 l - a wand of acid (4/15)
 o - a wand of flame (20/48)
 p - a wand of flame (13/48)
 A - a wand of hasting (3/9)
 O - a wand of acid (0/15)
Scrolls
 a - a scroll of magic mapping
 e - a scroll of random uselessness {unknown}
 g - a scroll of enchant weapon {unknown}
 i - 4 scrolls of remove curse
 u - a scroll of noise {unknown}
 v - a scroll of amnesia {unknown}
 x - a scroll of fog {unknown}
 E - 2 scrolls of fear {unknown}
 F - a scroll of brand weapon {unknown}
 H - 6 scrolls of identify
 M - a scroll of enchant armour {unknown}
Potions
 f - 4 potions of curing
 j - 2 potions of magic
 q - 2 potions of invisibility {unknown}
 t - 3 potions of flight
 C - a potion of cancellation
Books
 c - a book of Battle

   Spells                             Type                      Level
   a - Infusion                       Charms                       1
   b - Shroud of Golubria             Charms/Translocation         2
   c - Song of Slaying                Charms                       2
   d - Spectral Weapon                Hexes/Charms                 3
   e - Regeneration                   Charms/Necromancy            3
 m - a Fen Folio

   Spells                             Type                      Level
   a - Corpse Rot                     Necromancy                   2
   b - Stone Arrow                    Conjuration/Earth            3
   c - Leda's Liquefaction            Hexes/Earth                  4
   d - Summon Forest                  Summoning/Translocation      5
   e - Hydra Form                     Transmutation                6
   f - Summon Hydra                   Summoning                    7
 y - a book of Unlife

   Spells                             Type                      Level
   a - Recall                         Summoning/Translocation      3
   b - Animate Dead                   Necromancy                   4
   c - Control Undead                 Necromancy                   4
   d - Cigotuvi's Embrace             Necromancy                   5
   e - Death Channel                  Necromancy                   6
   f - Simulacrum                     Ice/Necromancy               6
Comestibles
 d - 2 bread rations
 h - 2 royal jellies
 w - a meat ration
 z - 3 slices of pizza
 P - 4 chunks of flesh


   Skills:
 + Level 9.9 Fighting
 + Level 11.7(13.7) Long Blades
 + Level 6.5 Armour
 + Level 6.6 Dodging
 - Level 2.1 Spellcasting
 - Level 3.0(4.2) Charms


You had 8 spell levels left.
You knew the following spells:

 Your Spells              Type           Power        Failure   Level  Hunger
a - Infusion              Chrm           ###.         10%         1    #......
r - Regeneration          Chrm/Necr      #.........   56%         3    ###....
s - Spectral Weapon       Hex/Chrm       #.......     56%         3    ###....


Dungeon Overview and Level Annotations

Branches:
Dungeon (13/15)            Temple (1/1) D:4
   Lair: D:8-11         Orc: D:9-12      Vaults: D:13-14

Altars:
Ashenzari
Cheibriados
Dithmenos
Elyvilon
Hepliaklqana
Makhleb
Nemelex Xobeh
Qazlal
Sif Muna
Trog
Vehumet
Xom
Yredelemnul
Zin
The Shining One

Shops:
D:12 (

Annotations:
D:5 exclusion: statue


Innate Abilities, Weirdness & Mutations

You have razor-sharp teeth.
You heal very quickly.
When hurt, damage is shared between your health and your magic reserves.
Your bite disrupts and absorbs the magic of your enemies.
Potions and wands cannot restore your health.
You are immune to rotting.
You have large cloven feet.


Message History

You kick the centaur warrior, but do no damage.
You bite the centaur warrior! You drain its power.
You feel invigorated.
The centaur warrior is severely wounded.
You feel sick. The centaur warrior hits you!
* * * LOW HITPOINT WARNING * * *
Unknown command.
You barely miss the centaur warrior.
You kick the centaur warrior, but do no damage.
You bite the centaur warrior, but do no damage.
The centaur warrior is heavily wounded.
You feel sick.
The centaur warrior hits you but does no damage.
Unknown command.
Evoke which item? (* to show all) (? for menu, Esc to quit)
Zapping:
A - a wand of hasting (4/9)
Press: ? - help, Shift-Dir - straight line, f - you You feel yourself speed up.
You are very lightly contaminated with residual magic.
This wand has 3 charges left.
You feel sick. The centaur warrior hits you!
You die...

##.#####.### ** *
###..#####.... * , *
#............. ,
......##..###################
.##..# ##.#!, #.....#.....#..
...# #.#. {#.....#.....#..
.!....###.#?, #..#..#.(#†)#..
### #.....#c###..#..#..#..#..
#####.#.@....#.....#.....
#.#.(....#.....#.....
#.###################
#....).............(.
#....................
#####################
#Yh...#.W... , , #.....#.....
** #..#..#..#..


You could see a centaur warrior and a howler monkey.

Vanquished Creatures
  A minotaur (Lab)
  5 hill giants
  Pikel (D:8)
  2 ugly things
  A deep elf mage (D:11)
  A hornet (shapeshifter) (D:12)
  A manticore (D:12)
  2 centaur zombies (D:12)
  Joseph (D:7)
  A centaur skeleton (D:12)
  2 trolls
  A two-headed ogre (D:11)
  A hippogriff (D:9)
  2 redbacks (Lab)
  A wraith (D:12)
  24 yaks (D:12)
  A basilisk (D:11)
  A hungry ghost (D:11)
  A water moccasin (D:7)
  Duvessa (D:6)
  4 orc warriors
  A sky beast (D:11)
  A slave (D:8)
  2 ice beasts
  3 phantoms
  5 ogres
  3 centaurs
  2 crocodiles (D:11)
  A big kobold (Sewer)
  Blork the orc (D:6)
  5 bullfrogs
  A wyvern zombie (D:12)
  A gnoll sergeant (D:11)
  Dowan (D:6)
  A scorpion (D:10)
  9 killer bees (D:11)
  7 wights
  A howler monkey (D:9)
  4 crimson imps
  3 jellies
  A bullfrog zombie (D:7)
  4 orc priests
  A quasit (D:9)
  5 hounds
  A bullfrog skeleton (D:11)
  2 iguanas
  6 worker ants
  7 orc wizards
  A hound skeleton (D:9)
  A worker ant zombie (D:7)
  3 gnolls (D:11)
  2 river rats
  6 adders
  2 shadow imps
  An ooze (D:5)
  3 worms
  4 leopard geckos
  24 orcs
  A giant cockroach (D:7)
  2 goblins (D:1)
  A hobgoblin (D:2)
  5 jackals
  2 quokkas
  3 bats
  3 frilled lizards
  A giant cockroach zombie (D:5)
  A jackal skeleton (D:7)
  7 kobolds
  A quokka skeleton (D:4)
  6 rats
  A plant (Lab)
215 creatures vanquished.

Notes
Turn   | Place    | Note
-------+----------+-------------------------------------------
     0 | D:1      | jacquesderrida the Vine Stalker Skald began the quest for the Orb.
     0 | D:1      | Reached XP level 1. HP: 11/11 MP: 4/4
    80 | D:1      | Reached skill level 2 in Long Blades
   132 | D:1      | Reached XP level 2. HP: 8/15 MP: 6/6
   479 | D:2      | Reached skill level 3 in Long Blades
   479 | D:2      | Reached XP level 3. HP: 14/18 MP: 4/7
   507 | D:2      | You fall through a shaft for 2 floors!
   688 | D:4      | Gained mutation: Your natural rate of healing is unusually fast. [Vine Stalker growth]
   688 | D:4      | Reached XP level 4. HP: 8/23 MP: 5/8
   711 | D:5      | Entered Level 5 of the Dungeon
   743 | D:5      | Reached skill level 4 in Long Blades
   767 | D:5      | Reached XP level 5. HP: 25/26 MP: 9/9
   838 | D:6      | Got a twisted falchion
   849 | D:6      | Identified the +10 falchion "Zuimuzaa" {vamp, +Rage rElec Str-4 Dex+4} (You found it on level 6 of the Dungeon)
   857 | D:6      | Found a bloodstained altar of Trog.
   916 | D:6      | Reached skill level 5 in Long Blades
   953 | D:6      | Found a glowing drain.
   957 | Sewer    | Entered a sewer
   963 | Sewer    | Reached XP level 6. HP: 19/30 MP: 5/10
  1032 | Sewer    | Found a white marble altar of Elyvilon.
  1151 | D:7      | Reached skill level 6 in Long Blades
  1159 | D:6      | Reached XP level 7. HP: 30/36 MP: 7/11
  1382 | D:5      | Found a radiant altar of Vehumet.
  1469 | D:5      | Found a glowing golden altar of the Shining One.
  1533 | D:4      | Found a staircase to the Ecumenical Temple.
  1542 | Temple   | Entered the Ecumenical Temple
  1590 | Temple   | Became a worshipper of Ashenzari the Shackled
  1714 | D:5      | Reached skill level 7 in Long Blades
  1714 | D:5      | Gained mutation: You have razor-sharp teeth. [Vine Stalker growth]
  1714 | D:5      | Reached XP level 8. HP: 35/42 MP: 8/12
  1790 | D:6      | Noticed Blork the orc
  1798 | D:6      | Killed Blork the orc
  1896 | D:6      | Noticed Duvessa
  1896 | D:6      | Noticed Dowan
  1913 | D:6      | Killed Duvessa
  1913 | D:6      | Reached skill level 5 in Fighting
  1915 | D:6      | Killed Dowan
  1939 | D:6      | Found a glowing silver altar of Zin.
  1939 | D:6      | Noticed an angel
  2117 | D:7      | Noticed Joseph
  2127 | D:7      | Gained mutation: You have large cloven feet. [potion of beneficial mutation]
  2139 | D:7      | Killed Joseph
  2139 | D:7      | Reached skill level 8 in Long Blades
  2216 | D:8      | Reached XP level 9. HP: 48/48 MP: 13/13
  2419 | D:8      | Noticed Pikel
  2449 | D:8      | Killed Pikel
  2449 | D:8      | Reached skill level 9 in Long Blades
  2625 | D:8      | Found a shadowy altar of Dithmenos.
  2728 | D:9      | Reached skill level 1 in Armour
  2728 | D:9      | Reached skill level 1 in Dodging
  2748 | D:9      | Noticed a troll
  2761 | D:9      | Killed a troll
  2764 | D:9      | Reached XP level 10. HP: 37/56 MP: 14/14
  2783 | D:9      | Found a sparkling altar of Nemelex Xobeh.
  2793 | D:9      | Found a sparkling altar of Nemelex Xobeh.
  2921 | D:10     | Entered Level 10 of the Dungeon
  2947 | D:10     | Reached * piety under Ashenzari
  3016 | D:10     | Noticed a hill giant
  3020 | D:10     | Noticed a deep elf mage
  3028 | D:11     | Noticed a purple ugly thing
  3032 | D:11     | Killed a deep elf mage
  3033 | D:11     | Reached skill level 10 in Long Blades
  3038 | D:11     | Killed a purple ugly thing
  3141 | D:11     | Found a hazy altar of Hepliaklqana.
  3204 | D:11     | Learned a level 3 spell: Spectral Weapon
  3208 | D:11     | Learned a level 3 spell: Regeneration
  3258 | D:11     | Noticed a hill giant
  3277 | D:11     | Killed a hill giant
  3299 | D:11     | Noticed a five-headed hydra
  3304 | D:11     | Noticed a brown ugly thing
  3346 | D:11     | Noticed a hill giant
  3363 | D:11     | Killed a hill giant
  3363 | D:11     | Reached XP level 11. HP: 31/62 MP: 11/15
  3533 | D:12     | Found a labyrinth entrance.
  3539 | Lab      | Entered a labyrinth
  3862 | Lab      | Noticed a minotaur
  3884 | Lab      | Killed a minotaur
  3906 | Lab      | Identified the amulet of Voyjeutups {rC- MR+ Regen+ Dex+4 SInv} (You found it in a labyrinth)
  3944 | D:12     | Found Hedeaj's Antique Weapon Emporium.
  3997 | D:12     | Reached skill level 5 in Dodging
  4043 | D:12     | Noticed a red ugly thing
  4063 | D:12     | Killed a red ugly thing
  4063 | D:12     | Reached skill level 11 in Long Blades
  4063 | D:12     | Reached skill level 5 in Armour
  4148 | D:12     | Noticed a hill giant
  4176 | D:12     | Killed a hill giant
  4217 | D:12     | Gained mutation: You heal very quickly. [Vine Stalker growth]
  4217 | D:12     | Reached XP level 12. HP: 67/67 MP: 16/16
  4274 | D:13     | Noticed an eight-headed hydra
  4290 | D:12     | Reached ** piety under Ashenzari
  4429 | D:12     | Noticed a centaur warrior
  4446 | D:12     | Slain by a centaur warrior

Vault maps used:
D:1:      dpeg_arrival_chambers_temple_mockup
D:3:      dancing_weapons_uskayaw, overflow_temple_1_default
D:4:      kiku_gazebo_garden_becter, kennysheep_little_box, serial_glass,
          glass_columns_b, glass_columns_c, glass_columns_a, glass_columns_a,
          minmay_hollow_rounded_squares
D:5:      tso_oasis_becter, vehumet_statue, first_bread
D:6:      zin_angel, kennysheep_mini, okawaru_gym_becter, gup_sewer_entry_bowl,
          wad_floor_pattern_untrapped, hangedman_abyss_or_decor_slice,
          minmay_fountain_box, uniq_blork_the_orc, uniq_duvessa
D:7:      grunt_livestock, lightli_minifort, uniq_joseph
D:8:      grunt_dithmenos_shadows, old_standard_altar, lair_0_dummy,
          minmay_door_square, glass_columns_a, minmay_misc_feat_plants,
          uniq_pikel
D:9:      nemelex_xobeh_ov_fountains_minmay, orc_0_dummy, serial_glass,
          glass_columns_a, glass_columns_b, basic_altar
D:10:     uniq_erica
D:11:     basic_altar
D:12:     kennysheep_windowed_halls, serial_shops, shop, lab_entry_generic,
          hex_large
D:13:     david_vaults_4, st_stairs_11
Temple:   jpeg_temple_island
Lab:      lab_block, nicolae_lab_big_swirl, nicolae_lab_quarters,
          nicolae_lab_stuck, nicolae_lab_garden, labyrinth_lava_lair,
          nicolae_lab_grate_2
Sewer:    sewer_kobolds

Skill      XL: |  1  2  3  4  5  6  7  8  9 10 11 12 |
---------------+-------------------------------------+-----
Long Blades    | 2 3 4 5 6 7 8 9 10 11 | 11.7
Fighting       | 3 4 6 8 9 |  9.9
Armour         | 1 4 5 6 |  6.5
Dodging        | 1 4 5 6 |  6.6
Spellcasting   | |  2.1
Charms         | |  3.0

Action                   |  1- 3 |  4- 6 |  7- 9 | 10-12 || total
-------------------------+-------+-------+-------+-------++-------
Melee: Falchion          |    61 |    94 |   219 |   476 ||   850
       Bite              |     9 |    21 |    71 |   199 ||   300
       Kick              |       |       |    45 |   188 ||   233
Throw: Tomahawk          |    10 |       |       |     8 ||    18
 Cast: Infusion          |     3 |     1 |       |       ||     4
Invok: Curse Item        |       |       |     2 |     2 ||     4
Evoke: Wand              |       |       |     1 |     5 ||     6
  Use: Scroll            |       |       |     7 |     2 ||     9
       Potion            |       |       |     9 |     2 ||    11
 Stab: Sleeping          |       |     1 |     1 |       ||     2
  Eat: Fruit             |       |     3 |       |       ||     3
       Bread ration      |       |     1 |       |       ||     1
       Chunk             |       |       |     4 |     4 ||     8
       Meat ration       |       |       |       |     1 ||     1
Armor: Leather armour    |    14 |    14 |     1 |       ||    29
       Chain mail        |       |       |    23 |       ||    23
       Ring mail         |       |       |    39 |    77 ||   116
Dodge: Dodged            |    43 |    34 |    61 |   201 ||   339
